 Dungeon Crawl Stone Soup version 0.16.1-17-g773cdaf (webtiles) character file.

105 Ladykiller69 the Shield-Bearer (level 5, -5/42 HPs)
             Began as a Formicid Fighter on Apr 23, 2015.
             Killed from afar by an orc wizard (8 damage)
             ... with a puff of frost
             ... on level 3 of the Dungeon.
             The game lasted 00:05:13 (1691 turns).

Ladykiller69 the Shield-Bearer (Formicid Fighter)   Turns: 1691, Time: 00:05:14

Health: -5/42      AC: 10    Str: 21    XL:     5   Next: 9%
Magic:  7/7        EV:  6    Int:  8    God:
Gold:   62         SH:  9    Dex: 10    Spells: 0 memorised, 4 levels left

rFire  . . .     SeeInvis +     a - +0 war axe
rCold  . . .     Clarity  .     l - +0 chain mail
rNeg   . . .     SustAb   .     c - +0 shield
rPois  .         Gourm    .     (helmet unavailable)
rElec  .         Spirit   .     (no cloak)
rCorr  .         Warding  .     j - +0 pair of gloves
rMut   .         Stasis   +     (no boots)
MR     .....                    (no amulet)
Stlth  ..........               (no ring)
                                (no ring)

@: not resistant to hostile enchantments, extremely unstealthy
A: permanent stasis, dig shafts and tunnels, four strong arms, antennae 3
a: Dig, Shaft Self


You were on level 3 of the Dungeon.
You were not hungry.

You visited 1 branch of the dungeon, and saw 3 of its levels.

You collected 62 gold pieces.

Inventory:

Hand weapons
 a - a +0 war axe (weapon)
Armour
 b - a +0 scale mail
 c - a +0 shield (worn)
 j - a +0 pair of gloves (worn)
 l - a +0 chain mail (worn)
Jewellery
 p - a +3 ring of dexterity {unknown}
Scrolls
 g - a scroll of enchant weapon {unknown}
 h - 3 scrolls of remove curse {unknown}
 i - a scroll of blinking {unknown}
 k - a scroll of teleportation {unknown}
 m - 2 scrolls of identify {unknown}
 n - a scroll of random uselessness {unknown}
 r - a scroll of enchant armour {unknown}
 t - a scroll of fear {unknown}
Potions
 e - a potion of might
 f - 2 potions of agility {unknown}
 o - 3 potions of curing {unknown}
 s - 4 potions of heal wounds {unknown}
Comestibles
 d - a bread ration
 q - 4 chunks of flesh


   Skills:
 + Level 4.0 Fighting
 + Level 3.1 Axes
 + Level 4.1 Armour
 + Level 4.3 Shields


You had 4 spell levels left.
You didn't know any spells.

Dungeon Overview and Level Annotations

Branches:
Dungeon (3/15)

Altars:
Qazlal


Innate Abilities, Weirdness & Mutations

You are under a permanent stasis effect.
You can dig through walls and to a lower floor.
Your four strong arms can wield two-handed weapons with a shield.
You have a pair of large antennae on your head (SInv).


Message History

The orc wizard casts a spell at you. The magic dart hits you!
You hit the orc wizard but do no damage.
The orc wizard is lightly wounded.
You block the orc wizard's attack. x2
You closely miss the orc wizard.
The orc wizard is lightly wounded.
The orc wizard gestures at you while chanting.
You block the puff of flame.
The orc wizard gestures at you while chanting.
The magic dart hits you!
* * * LOW HITPOINT WARNING * * *
You hit the orc wizard.
The orc wizard is moderately wounded.
The orc wizard points at you and mumbles some strange words.
The puff of frost hits you!
* * * LOW HITPOINT WARNING * * *
The orc wizard gestures at you while chanting.
The puff of frost hits you!
You die...

####### #.....# ########
#.....#
#......####.....###########
#.####.)....(...............
#.####.....[....{)..........
.....##.##########o#########
...<....#.......@oo........
.....#..#.################
.....#..# (....#..#
........# ...####.# ...#
.... ...#


You could see an orc wizard and 2 orcs.

Vanquished Creatures
  An orc priest (D:3)
  An adder (D:1)
  A worm (D:2)
  2 oozes
  An orc (D:3)
  A ball python (D:2)
  A giant cockroach (D:2)
  5 goblins
  11 hobgoblins
  3 jackals (D:1)
  5 bats
  5 giant newts
  9 kobolds
  10 rats
56 creatures vanquished.

Notes
Turn   | Place    | Note
--------------------------------------------------------------
     0 | D:1      | Ladykiller69, the Formicid Fighter, began the quest for the Orb.
     0 | D:1      | Reached XP level 1. HP: 18/18 MP: 1/1
    72 | D:1      | Reached XP level 2. HP: 24/24 MP: 3/3
   377 | D:1      | Reached skill level 4 in Shields
   377 | D:1      | Reached XP level 3. HP: 8/29 MP: 4/4
  1205 | D:2      | Found a stormy altar of Qazlal.
  1218 | D:2      | Reached XP level 4. HP: 37/37 MP: 5/5
  1685 | D:3      | Reached XP level 5. HP: 20/42 MP: 7/7
  1691 | D:3      | Killed from afar by an orc wizard

Action                   |  1- 3 |  4- 6 || total
-------------------------+-------+-------++-------
Melee: War axe           |   106 |    82 ||   188
 Abil: Dig               |     1 |     1 ||     2
  Eat: Chunk             |     1 |     2 ||     3
